 Dungeon Crawl Stone Soup version 0.32-a0-42-ga30500b4d3 (webtiles) character file.

Game seed: 11684728610428136335

5609 IdlyInterested the Blocker (level 10, -11/76 HPs)
             Began as a Demonspawn Fighter on Jan 29, 2024.
             Killed by vampiric draining
             ... invoked by a vampire
              (14 damage)
             ... on level 11 of the Dungeon.
             The game lasted 00:39:08 (8767 turns).

IdlyInterested the Blocker (Demonspawn Fighter)     Turns: 8767, Time: 00:39:09

Health: -11/76     AC: 19    Str: 22    XL:     10   Next: 45%
Magic:  23/23      EV: 11    Int:  8    God:
Gold:   363        SH: 11    Dex: 14    Spells: 15/15 levels left

rFire   + . .        T - +2 morningstar (drain)
rCold   + . .        D - +0 kite shield
rNeg    . . .        t - +9 ring mail "Forget-Me-Not" {Fly Str+2}
rPois   .            (helmet restricted)
rElec   .            E - scarf {rC+ rF+}
rCorr   .            b - +2 pair of gloves
SInv    .            (no boots)
Will    .....        R - amulet of regeneration
Stlth   ++           e - ring of wizardry
HPRegen 1.12/turn    y - ring of magical power
MPRegen 0.18/turn

%: wizardry (x1)
@: flying
A: antennae 2, icy blue scales 1, demonic magic 3
a: no special abilities


You were on level 11 of the Dungeon.
You visited 2 branches of the dungeon, and saw 12 of its levels.

You collected 618 gold pieces.
You spent 255 gold pieces at shops.

Inventory:

Hand Weapons
 a - a +0 flail
 l - a +2 whip of draining
 T - a +2 morningstar of draining (weapon)
Missiles
 j - 86 stones (quivered)
 k - 22 poisoned darts
 m - 2 atropa-tipped darts
 I - 2 boomerangs
 N - a throwing net
Armour
 b - a +2 pair of gloves (worn)
 c - a +0 buckler
 d - a +1 scale mail of cold resistance
 f - an orb of guile
 t - the +9 ring mail "Forget-Me-Not" (worn) {Fly Str+2}
   (You found it on level 7 of the Dungeon)

   Str+2:     It affects your strength (+2).
   Fly:       It grants you flight.
 z - an orb of light
 D - a +0 kite shield (worn)
 E - a scarf of resistance (worn)
 M - +0 steam dragon scales
Magical Staves
 x - a staff of cold
 C - a staff of air
Jewellery
 e - a ring of wizardry (left hand)
 y - a ring of magical power (right hand)
 O - a ring of ice
 R - an amulet of regeneration (around neck)
Wands
 i - a wand of roots (23)
 G - a wand of polymorph (14)
 L - a wand of digging (12)
 Q - a wand of charming (4)
Scrolls
 g - 2 scrolls of blinking
 h - a scroll of fog
 o - a scroll of immolation
 p - 2 scrolls of fear
 q - a scroll of teleportation
 r - a scroll of butterflies
 s - 4 scrolls of enchant armour
 u - 2 scrolls of enchant weapon
 v - a scroll of revelation
 w - 2 scrolls of vulnerability
 P - a scroll of silence
 S - 2 scrolls of poison {unknown}
Potions
 n - a potion of attraction
 A - a potion of curing
 B - a potion of ambrosia {unknown}
 F - a potion of enlightenment
 H - a potion of invisibility
 J - a potion of resistance {unknown}
 K - a potion of lignification


   Skills:
 - Level 6.0 Fighting
 - Level 8.0 Maces & Flails
 - Level 3.0 Throwing
 - Level 3.0 Armour
 - Level 3.0 Dodging
 - Level 3.0 Stealth
 * Level 8.5 Shields
 - Level 3.0 Spellcasting
 + Level 4.3 Evocations


You had 15 spell levels left.
You didn't know any spells.
Your spell library contained the following spells:

 Spells                   Type           Power      Damage    Failure   Level
 Apportation              Tloc           2%         N/A       36%         1
 Magic Dart               Conj           4%         1d3       36%         1
 Slow                     Hex            4%         N/A       36%         1
 Sting                    Conj/Alch      4%         1d3       36%         1
 Blink                    Tloc           2%         N/A       50%         2
 Call Imp                 Summ           2%         N/A       50%         2
 Jinxbite                 Hex            2%         N/A       50%         2
 Mercury Vapours          Alch/Air       2%         N/A       50%         2
 Confusing Touch          Hex            1%         N/A       71%         3
 Gell's Gravitas          Tloc           1%         N/A       71%         3
 Sigil of Binding         Hex            1%         N/A       71%         3
 Stone Arrow              Conj/Erth      2%         3d7       71%         3
 Teleport Other           Tloc           1%         N/A       71%         3
 Vampiric Draining        Necr           1%         2d6       71%         3
 Animate Armour           Summ/Erth      2%         N/A       98%         4
 Brom's Barrelling Bould  Conj/Erth      1%         2d3       98%         4
 Olgreb's Toxic Radiance  Alch           1%         N/A       98%         4
 Alistair's Intoxication  Alch           0%         N/A       100%        5
 Fireball                 Conj/Fire      0%         3d3       100%        5
 Iskenderun's Battlesphe  Conj           1%         2d6       100%        5
 Conjure Ball Lightning   Conj/Air       0%         3x3d6     100%        6
 Dispersal                Tloc           0%         N/A       100%        6
 Orb of Destruction       Conj           0%         9d5       100%        7
 Lehudib's Crystal Spear  Conj/Erth      0%         10d2      100%        8


Dungeon Overview and Level Annotations

Branches:
Dungeon (11/15)            Temple (1/1) D:7             Orc (0/2) D:10
   Lair: D:8-11

Altars:
Ashenzari
Cheibriados
Dithmenos
Fedhas
Gozag
Hepliaklqana
Kikubaaqudgha
Makhleb
Nemelex Xobeh
Okawaru
Qazlal
Ru
Sif Muna
Trog
Uskayaw
Vehumet
Wu Jian
Xom
Yredelemnul

Shops:
D:2 [   D:7 =   D:11 :

Annotations:
Temple 4 transporters


Innate Abilities, Weirdness & Mutations

You have a pair of antennae on your head.
You are partially covered in icy blue scales. (AC +2)
Spells you cast and wands you use may paralyse nearby enemies.


Message History

The tengu conjurer mumbles some strange words.
You miss something.
The grasping roots constrict Grum!
The grasping roots constrict the wolf!
You kill the wolf!
A battlesphere comes into view.
Something hits you.
* * * LOW HITPOINT WARNING * * *
Something bites you but does no damage. You block something's attack.
Something bites you but does no damage.
You closely miss something.
The grasping roots constrict Grum!
You kill Grum!
Something hits you!
* * * LOW HITPOINT WARNING * * *
Something bites you but does no damage.
Unknown command.
You miss something. Something barely misses you. Something bites you.
* * * LOW HITPOINT WARNING * * *
Something draws strength from your injuries!
You miss something.
The wolf is no longer paralysed.
The tengu conjurer misses you. You block the tengu conjurer's attack.
The tengu conjurer closely misses you. Something hits you but does no damage.
Something bites you.
* * * LOW HITPOINT WARNING * * *
Something draws strength from your injuries!
You puncture something! The tengu conjurer closely misses you.
You block the tengu conjurer's attack. x2; Something hits you.
* * * LOW HITPOINT WARNING * * *
Something bites you but does no damage.
You closely miss something. You block something's attack.
Something bites you but does no damage.
You block the tengu conjurer's attack. x2
The tengu conjurer claws you but does no damage.
Something hits you.
* * * LOW HITPOINT WARNING * * *
Something barely misses you. The tengu conjurer closely misses you.
The tengu conjurer barely misses you.
The tengu conjurer claws you but does no damage.
You closely miss something. The tengu conjurer closely misses you.
The tengu conjurer pecks you but does no damage.
You block the tengu conjurer's attack. Something draws life force from you!
You die...

## #.h#### .
#.hh{.#####
....###@....###
#..*Q<......>
######.#..###
.....# ###....
..#.##. ###..#
∩....# ###...


You could see a tengu conjurer, 3 wolves and a battlesphere (distracted).

Vanquished Creatures
  Maggie (D:7)
  Jeremiah (D:6)
  A troll (D:10)
  Sigmund (D:6)
  A wraith (D:6)
  2 wyverns
  3 steam dragons
  Grum (D:11)
  3 water moccasins
  A hornet zombie (D:8)
  A sky beast (D:7)
  2 orc warriors (D:10)
  2 ice beasts
  A black bear (D:6)
  A wolf (D:11)
  3 centaurs
  2 phantoms
  5 bullfrogs
  2 kobold brigands (D:8)
  4 necrophages (D:8)
  4 scorpions
  4 wights
  7 killer bees
  A crimson imp (D:5)
  2 centaur zombies (D:8)
  4 hounds
  A jelly (D:5)
  A human zombie (D:8)
  3 orc priests
  3 sleepcaps
  2 iguanas
  5 orc wizards
  A killer bee zombie (D:8)
  2 howler monkey zombies (D:8)
  5 adders
  8 gnolls
  A shadow imp (D:8)
  A white imp (D:5)
  3 dart slugs
  4 ribbon worms
  22 orcs
  3 bats
  9 endoplasms
  2 giant cockroaches
  6 goblins
  5 hobgoblins
  14 kobolds
  4 quokkas
  3 ball pythons
  8 frilled lizards
  27 rats
203 creatures vanquished.

Notes
Turn   | Place    | Note
-------+----------+-------------------------------------------
     0 | D:1      | IdlyInterested the Demonspawn Fighter began the quest for
                  | the Orb.
     0 | D:1      | Reached XP level 1. HP: 18/18 MP: 1/1
   196 | D:1      | Gained mutation: You have a pair of small antennae on your
                  | head. [demonic ancestry]
   196 | D:1      | Reached XP level 2. HP: 24/24 MP: 2/2
   372 | D:1      | Found a faded altar of an unknown god.
   556 | D:2      | Gained mutation: Spells you cast may paralyse adjacent
                  | enemies. [demonic ancestry]
   556 | D:2      | Reached XP level 3. HP: 27/29 MP: 3/3
   609 | D:2      | Found Ituwn's Antique Armour Emporium.
   659 | D:2      | Reached skill level 1 in Throwing
  1064 | D:3      | Gained mutation: Spells you cast may paralyse nearby
                  | enemies. [demonic ancestry]
  1064 | D:3      | Reached XP level 4. HP: 35/35 MP: 4/4
  1702 | D:3      | Reached skill level 1 in Dodging
  1937 | D:2      | Bought a glowing scarf for 136 gold pieces
  2264 | D:4      | Reached skill level 1 in Stealth
  2264 | D:4      | Gained mutation: Spells you cast and wands you use may
                  | paralyse nearby enemies. [demonic ancestry]
  2264 | D:4      | Reached XP level 5. HP: 41/41 MP: 5/5
  2719 | D:5      | Entered Level 5 of the Dungeon
  2845 | D:5      | Reached skill level 1 in Spellcasting
  2877 | D:5      | Reached skill level 1 in Evocations
  2998 | D:5      | Gained mutation: You are partially covered in icy blue
                  | scales. (AC +2) [demonic ancestry]
  2998 | D:5      | Reached XP level 6. HP: 47/47 MP: 7/7
  2998 | D:5      | Found an ancient bone altar of Kikubaaqudgha.
  3002 | D:5      | Found a snail-covered altar of Cheibriados.
  3026 | D:5      | Noticed an ice beast
  3063 | D:5      | Killed an ice beast
  3447 | D:5      | Gained mutation: You have a pair of antennae on your head.
                  | [demonic ancestry]
  3447 | D:5      | Reached XP level 7. HP: 45/52 MP: 8/8
  3588 | D:5      | Reached skill level 5 in Shields
  3755 | D:2      | Bought a shiny scale mail for 119 gold pieces
  3901 | D:6      | Noticed a wyvern
  3904 | D:6      | Noticed Sigmund
  3911 | D:6      | Killed a wyvern
  3921 | D:6      | Killed Sigmund
  3922 | D:6      | Reached skill level 5 in Maces & Flails
  3925 | D:6      | Reached XP level 8. HP: 12/60 MP: 9/9
  4275 | D:6      | Noticed Jeremiah
  4318 | D:6      | Killed Jeremiah
  4776 | D:6      | Found an ornate altar of the Wu Jian Council.
  4999 | D:7      | Reached XP level 9. HP: 56/66 MP: 12/12
  5172 | D:7      | Identified the +9 ring mail "Forget-Me-Not" {Fly Str+2}
  5307 | D:7      | Noticed Maggie
  5332 | D:7      | Killed Maggie
  5333 | D:7      | Reached skill level 5 in Fighting
  5636 | D:7      | Found Batovoir's Jewellery Shoppe.
  5724 | D:7      | Found a staircase to the Ecumenical Temple.
  5733 | Temple   | Found a transporter.
  5733 | Temple   | Found a transporter.
  5733 | Temple   | Found a transporter.
  5733 | Temple   | Found a transporter.
  5733 | Temple   | Entered the Ecumenical Temple
  6040 | D:8      | Found a burning altar of Makhleb.
  6778 | D:8      | Found a basalt altar of Yredelemnul.
  6792 | D:8      | Reached XP level 10. HP: 71/76 MP: 13/13
  7927 | D:10     | Entered Level 10 of the Dungeon
  8067 | D:10     | Found a staircase to the Orcish Mines.
  8268 | D:10     | Found the +8 trishula "Condemnation" {holy, anguish, *Noise
                  | Fly rN+}
  8748 | D:11     | Noticed a walking frostbound tome
  8748 | D:11     | Noticed Grum
  8748 | D:11     | Found Qemmitiripn's Book Boutique.
  8762 | D:11     | Killed Grum
  8764 | D:11     | HP: 2/76 [something (4)]
  8767 | D:11     | Killed from afar by a vampire

Illustrated notes

Levels and vault maps discovered:
D:1:      sevenhm_arrival_forest_fort_small_6, layout_rooms,
          ebering_ecumenical_altar_petrified, minmay_strange_pillars
D:2:      layout_rooms, serial_shops, shop, st_stairs_1
D:3:      layout_basic, minmay_rat_hole
D:4:      layout_loops_ring, roderic_lattice_a, minivault_23
D:5:      layout_basic, chequers_temple_overflow_statue_of_worship,
          minmay_fire_ice_demons
D:6:      layout_cave_pools, nzn_wu_jian_contemplation,
          kennysheep_generic_room_3, uniq_sigmund, uniq_jeremiah
D:7:      layout_loops_ring, temple_statues, serial_shops, shop, uniq_maggie
D:8:      layout_basic, lemuel_mausoleum_altar_yredelemnul,
          nicolae_overflow_crystal_walls, serial_corexii_hall,
          corexii_hall_statues_l, corexii_hall_statues_u,
          corexii_hall_statues_l, chequers_hall_statues_wall_a,
          kennysheep_doodads
D:9:      layout_roguey
D:10:     minmay_klotski, layout_basic, david_orc_2
D:11:     layout_rooms, dpeg_lair_monsters, serial_shops, shop,
          nicolae_shop_mannequins, nicolae_shop_tiny_real_fake_doors, shop,
          shop, uniq_grum
Temple:   hellmonk_temple_divided_pantheon

Skill      XL: |  1  2  3  4  5  6  7  8  9 10 |
---------------+-------------------------------+-----
Maces & Flails | 2 3 4 5 6 7 8 |  8.0
Armour         | 3 |  3.0
Shields        | 3 4 5 6 8 |  8.5
Throwing       | 1 2 3 |  3.0
Dodging        | 1 2 3 |  3.0
Stealth        | 1 2 3 |  3.0
Spellcasting   | 1 2 3 |  3.0
Evocations     | 1 2 4 |  4.3
Fighting       | 4 6 |  6.0

Action                     |  1- 3 |  4- 6 |  7- 9 | 10-12 || total
---------------------------+-------+-------+-------+-------++-------
  Melee: Flail             |    53 |       |       |       ||    53
         Whip              |    84 |   226 |   482 |   202 ||   994
         Staff             |       |    32 |       |       ||    32
         Morningstar       |       |       |       |    53 ||    53
  Throw: Stone             |     2 |     6 |     6 |     8 ||    22
  Evoke: Wand              |       |       |       |     1 ||     1
    Use: Scroll            |     4 |     2 |     7 |     2 ||    15
         Potion            |       |     3 |     6 |     3 ||    12
   Stab: Sleeping          |       |       |     1 |     1 ||     2
 Armour: Chain mail        |    80 |       |       |       ||    80
         Scale mail        |     4 |       |   154 |       ||   158
         Plate armour      |       |   167 |     9 |       ||   176
         Ring mail         |       |       |   135 |   130 ||   265
  Dodge: Dodged            |    40 |    45 |   129 |   102 ||   316
  Block: Buckler           |    26 |    16 |       |       ||    42
         Kite shield       |       |    54 |   203 |   135 ||   392

Table legend: (Time is in decaauts)
 A = Elapsed time spent in this place.
 B = Non-inter-level travel time spent in this place.
 C = Inter-level travel time spent in this place.
 D = Time resting spent in this place.
 E = Time spent auto-exploring this place.
 F = Levels seen in this place.
 G = Mean time per level.
                   A        B        C        D        E       F      G
               +--------+--------+--------+--------+--------+-----+--------+
         Total |   8706 |   8166 |    540 |    810 |   4922 |  12 |  725.5 |
       Dungeon |   8678 |   8147 |    531 |    810 |   4922 |  11 |  788.9 |
        Temple |     27 |     18 |      9 |      0 |      0 |   1 |   27.0 |
               +--------+--------+--------+--------+--------+-----+--------+

Top non-repeatable levels by time:
     D:8: 1257 daAuts
     D:7: 1057 daAuts
     D:5: 1032 daAuts
     D:6: 1017 daAuts
     D:3: 1006 daAuts
    D:10: 819 daAuts
     D:4: 814 daAuts
     D:9: 589 daAuts
     D:2: 555 daAuts
     D:1: 506 daAuts
  Temple: 27 daAuts
    D:11: 21 daAuts
